 Dungeon Crawl Stone Soup version 0.15-a0-1387-gd422dff (webtiles) character file.

1586 Chiseanne the Nimble (level 9, -8/54 HPs)
             Began as a Kobold Assassin on June 10, 2014.
             Killed by divine providence
             ... invoked by an orc priest
              (14 damage)
             ... on Level 4 of the Dungeon.
             The game lasted 00:27:24 (8146 turns).

Chiseanne the Nimble (Kobold Assassin)              Turns: 8146, Time: 00:27:24

HP  -8/54        AC 12     Str 14      XL: 9   Next: 14%
MP   9/9         EV 24     Int  9      God:
Gold 123         SH  0     Dex 21      Spells:  0 memorised,  8 levels left

rFire  . . .     SeeInvis .     y - +1,+0 flail (protect)
rCold  + . .     Clarity  .     E - +2 robe {rC+}
rNeg   . . .     rCorr    .     (no shield)
rPois  .         rRot     .     n - +0 helmet
rElec  .         Spirit   .     p - +0 cloak
SustAb .         Warding  .     l - +0 pair of gloves
rMut   .         Stasis   .     (no boots)
Gourm  .                        (no amulet)
MR     .....                    (no ring)
                                (no ring)

@: mighty, not resistant to hostile enchantments, quite stealthy
A: carnivore 3
a: no special abilities


You were on level 4 of the Dungeon.
You were very hungry.

You visited 1 branch of the dungeon, and saw 6 of its levels.

You collected 208 gold pieces.
You spent 85 gold pieces at shops.

Inventory:

Hand weapons
 a - a cursed +0,+0 dagger of speed
 e - a +1,+0 whip of freezing
 i - a +2,+0 cutlass
 j - a +2,+2 dagger
 m - a +5,+2 spear
 s - a +2,+0 dagger of flaming
 w - a +0 blowgun
 y - a +1,+0 flail of protection (weapon)
 A - a +1,+0 mace of holy wrath
Missiles
 q - a tomahawk (quivered)
Armour
 l - a +0 pair of gloves (worn)
 n - a +0 helmet (worn)
 p - a +0 cloak (worn)
 E - a +2 robe of cold resistance (worn)
Magical devices
 f - a wand of flame (2)
 o - a wand of slowing (3)
Comestibles
 g - 3 meat rations
 z - a beef jerky
 C - 3 royal jellies
Scrolls
 b - 3 scrolls of teleportation
 c - 4 scrolls of identify
 v - 2 scrolls of noise
 x - a scroll of enchant armour {unknown}
 B - a scroll of remove curse
 G - a scroll of fog
Potions
 h - a potion of cure mutation
 k - a potion of might
 D - a potion of lignification {unknown}


   Skills:
 * Level 5.0 Fighting
 - Level 4.6 Short Blades
 * Level 1.8 Maces & Flails
 - Level 2.6 Throwing
 * Level 9.7 Dodging
 * Level 8.6 Stealth


You had 8 spell levels left.
You didn't know any spells.

Dungeon Overview and Level Annotations

Branches:
Dungeon (6/15)             Temple (0/1) D:5

Altars:
Okawaru
Vehumet
Xom
Yredelemnul

Shops:
D:4 ?

Annotations:
D:4 Dowan, Duvessa


Innate Abilities, Weirdness & Mutations

You are small and have problems with some larger weapons.
You are carnivorous and can eat meat at any time.


Message History

Duvessa completely misses you.
Drink which item? (? for menu, Esc to quit)
You feel better. Duvessa barely misses you.
You hit Duvessa.
Duvessa is lightly wounded.
Duvessa hits you but does no damage. x2
You sock Duvessa!
Duvessa is moderately wounded.
Duvessa barely misses you. Duvessa hits you with a short sword.
* * * LOW HITPOINT WARNING * * *
You barely miss Duvessa.
Duvessa is moderately wounded.
Duvessa completely misses you. Duvessa misses you.
You sock Duvessa!
Duvessa is severely wounded.
Duvessa hits you with a short sword!
* * * LOW HITPOINT WARNING * * *
The orc priest mumbles some strange prayers to Beogh against you.
Something smites you!
You die...

#....###### #.##.#<...###
##....((..####.##(o.......
#.....(.........o........
#.>.(......∩..########..#
####.r....(.####...........)
#...........# #.#######...#
#..........(# #.#.........#
#....##....(####...###.....#
#....##....@e(.o..((.......#
#....#######.........#.#...#
#....# #.........#.#...#
#....# #####...#...#...#
#....# #...#####...# #....#
#.#.........# ######
#.#..#####..# #.##.#####..#
#...........#


You could see Duvessa, an orc priest and a rat.

Vanquished Creatures
  Pikel (D:4)
  Blork the orc (D:4)
  Menkaure (D:5)
  A sky beast (D:6)
  A slave (D:4)
  An orc warrior (D:3)
  A black bear (D:4)
  2 jellies
  A hound (D:4)
  2 orc priests
  An orc wizard (D:3)
  3 worker ants
  An ogre skeleton (D:5)
  12 gnolls
  8 adders
  2 giant geckos
  2 oozes
  15 orcs
  13 bats
  A bat zombie (D:5)
  11 goblins
  3 hobgoblins (D:2)
  3 jackals (D:3)
  3 quokkas
  5 giant cockroaches
  2 giant newts
  10 kobolds
  6 rats
113 creatures vanquished.

Vanquished Creatures (others)
  2 slaves (D:4)
  A hound (D:4)
  A giant mite (D:4)
  An orc (D:4)
  2 goblins (D:4)
  A hobgoblin (D:4)
  A kobold (D:4)
  A rat (D:4)
10 creatures vanquished.

Grand Total: 123 creatures vanquished

Notes
Turn   | Place    | Note
--------------------------------------------------------------
     0 | D:1      | Chiseanne, the Kobold Assassin, began the quest for the Orb.
     0 | D:1      | Reached XP level 1. HP: 12/12 MP: 1/1
   491 | D:1      | Reached XP level 2. HP: 17/17 MP: 2/2
   729 | D:2      | Reached XP level 3. HP: 15/22 MP: 3/3
   816 | D:2      | Reached skill level 6 in Stealth
  1283 | D:2      | Reached XP level 4. HP: 24/27 MP: 4/4
  1346 | D:2      | Found a shimmering altar of Xom.
  2465 | D:3      | Reached XP level 5. HP: 31/31 MP: 5/5
  2602 | D:3      | Noticed an orc warrior
  2610 | D:3      | Killed an orc warrior
  2610 | D:3      | Reached skill level 7 in Stealth
  2610 | D:3      | Reached XP level 6. HP: 32/36 MP: 6/6
  2620 | D:3      | Reached skill level 5 in Dodging
  3094 | D:3      | Found a basalt altar of Yredelemnul.
  3692 | D:4      | Found Kuahaax's Magic Scroll Emporium.
  3703 | D:4      | Bought a scroll of fear for 35 gold pieces
  3703 | D:4      | Bought 2 scrolls of noise for 20 gold pieces
  3764 | D:4      | Bought a scroll of remove curse for 30 gold pieces
  4119 | D:4      | Reached XP level 7. HP: 35/41 MP: 7/7
  4253 | D:4      | Noticed a slave
  4253 | D:4      | Noticed a slave
  4253 | D:4      | Noticed a slave
  4254 | D:4      | Noticed Pikel
  4254 | D:4      | Noticed a slave
  4277 | D:4      | Killed a slave
  4322 | D:4      | Killed Pikel
  4322 | D:4      | Reached skill level 8 in Stealth
  4322 | D:4      | Reached XP level 8. HP: 5/48 MP: 8/8
  5163 | D:4      | Noticed a black bear
  5196 | D:4      | Killed a black bear
  5340 | D:4      | Killed a freed slave
  5428 | D:4      | Killed a freed slave
  6093 | D:4      | Found a radiant altar of Vehumet.
  6101 | D:4      | Noticed Blork the orc
  6128 | D:4      | Killed Blork the orc
  6522 | D:4      | Noticed Dowan
  6525 | D:4      | Noticed Duvessa
  6564 | D:5      | Entered Level 5 of the Dungeon
  6913 | D:5      | Found an iron altar of Okawaru.
  7050 | D:5      | Reached skill level 1 in Maces & Flails
  7050 | D:5      | Reached skill level 9 in Dodging
  7056 | D:5      | Found a staircase to the Ecumenical Temple.
  7088 | D:5      | Noticed Menkaure
  7093 | D:5      | Killed Menkaure
  7093 | D:5      | Reached XP level 9. HP: 53/53 MP: 9/9
  8016 | D:5      | Reached skill level 5 in Fighting
  8146 | D:4      | Killed from afar by an orc priest

Action                   |  1- 3 |  4- 6 |  7- 9 || total
-------------------------+-------+-------+-------++-------
Melee: Dagger            |   118 |   354 |   208 ||   680
       Flail             |       |       |   119 ||   119
 Fire: Blowgun           |       |    35 |    71 ||   106
Throw: Stone             |       |     1 |       ||     1
       Tomahawk          |       |     2 |     2 ||     4
Evoke: Wand              |     1 |       |    14 ||    15
  Use: Scroll            |     3 |     4 |     1 ||     8
       Potion            |       |     2 |    10 ||    12
 Stab: Sleeping          |     5 |     7 |     5 ||    17
